 Dungeon Crawl Stone Soup version 0.16.1 (webtiles) character file.

812 Fluffy the Cleaver (level 7, 0/57 HPs)
             Began as a Hill Orc Fighter on Mar 23, 2015.
             Killed by divine providence
             ... invoked by an orc priest
              (15 damage)
             ... on level 6 of the Dungeon.
             The game lasted 00:09:55 (4353 turns).

Fluffy the Cleaver (Hill Orc Fighter)               Turns: 4353, Time: 00:09:55

Health: 0/57       AC:  0    Str: 21    XL:     7   Next: 93%
Magic:  7/7        EV:  1    Int:  8    God:
Gold:   251        SH: 13    Dex: 10    Spells: 0 memorised, 6 levels left

rFire  . . .     SeeInvis +     a - +0 war axe
rCold  . . .     Clarity  .     k - +0 plate armour
rNeg   . . .     SustAb   +     u - +0 large shield
rPois  .         Gourm    .     G - +2 helmet {SInv}
rElec  .         Spirit   .     p - +0 cloak
rCorr  .         Warding  .     (no gloves)
rMut   .         Stasis   +     (no boots)
MR     .....                    o - amulet of stasis
Stlth  ..........               y - ring of see invisible
                                v - ring of sustain abilities

@: corroded equipment, not resistant to hostile enchantments, extremely
unstealthy
A: no striking features
a: Convert to Beogh


You were on level 6 of the Dungeon.
You were hungry.

You visited 1 branch of the dungeon, and saw 6 of its levels.

You collected 251 gold pieces.

Inventory:

Hand weapons
 a - a +0 war axe (weapon)
Armour
 k - a +0 plate armour (worn)
 p - a +0 cloak (worn)
 u - a +0 large shield (worn)
 G - a +2 helmet of see invisible (worn)
Jewellery
 o - an amulet of stasis (around neck)
 v - a ring of sustain abilities (left hand)
 y - a ring of see invisible (right hand)
Magical devices
 n - a wand of confusion (28)
 D - a wand of magic darts (9)
Scrolls
 b - a scroll of noise {unknown}
 g - 6 scrolls of remove curse {unknown}
 h - 6 scrolls of identify {unknown}
 i - 2 scrolls of amnesia {unknown}
 j - 2 scrolls of teleportation {unknown}
 m - a scroll of fear {unknown}
 r - a scroll of recharging {unknown}
 F - a scroll of magic mapping {unknown}
Potions
 c - 2 potions of heal wounds {unknown}
 e - a potion of might
 f - a potion of brilliance {unknown}
 l - 3 potions of mutation {unknown}
 s - a potion of curing {unknown}
 t - a potion of cure mutation {unknown}
 z - a potion of poison {unknown}
 B - a potion of restore abilities {unknown}
 C - a potion of invisibility {unknown}
 E - a potion of flight {unknown}
Comestibles
 d - 3 meat rations
 q - a bread ration
 w - a slice of pizza
 x - 2 beef jerkies
 A - a fruit


   Skills:
 - Level 3.6 Fighting
 + Level 11.3 Axes
 - Level 3.2 Armour
 - Level 3.2 Shields


You had 6 spell levels left.
You didn't know any spells.

Dungeon Overview and Level Annotations

Branches:
Dungeon (6/15)
 Temple: D:4-7

Altars:
Dithmenos
Gozag
Okawaru


Message History

The orc priest threatens, "By the altar or by the axe, you will meet Beogh!"
The orc priest is heavily wounded.
The orc priest threatens, "By the altar or by the axe, you will meet Beogh!"
You hit the jelly.
The jelly is heavily wounded.
You block the jelly's attack. The orc priest hits you with a club.
The orc priest mumbles some strange prayers to Beogh against you.
Pain shoots through your body!
* * * LOW HITPOINT WARNING * * *
The orc priest looks braver.
You open the door. The jelly hits you.
* * * LOW HITPOINT WARNING * * *
You are splashed with acid!
The acid burns!
* * * LOW HITPOINT WARNING * * *
There is an open door here.
Evoke which item? (* to show all) (? for menu, Esc to quit)
Okay, then.
The orc priest mumbles some strange prayers to Beogh against you.
Something smites you!
You die...

..# #.# #.# #.## #.#
#..# #.# #..#
##.#####..#
##.........# .
##.....####.####
#..##.......###.##.##
........@....##.#...##
...+.........+.......#
........J....##......#
...##.......######.#.##
. ##.....## ##.#.## ...
##...## ##.###.## ...#
##o## ##.## ##.# . #.o.
#o# #.## ##. ... ...
#.# ##.## ##.#


You could see a jelly, an orc priest and an orc.

Vanquished Creatures
  2 centaurs
  2 sky beasts (D:5)
  A scorpion (D:4)
  A crimson imp (D:5)
  3 hounds
  2 worker ants (D:4)
  3 orc wizards
  3 adders
  4 gnolls (D:4)
  2 giant mites
  2 worms (D:2)
  An adder skeleton (D:4)
  3 giant geckos
  An ooze (D:4)
  11 orcs
  13 bats
  2 bat skeletons (D:4)
  2 giant cockroaches
  5 goblins
  8 hobgoblins
  12 kobolds
  A quokka (D:3)
  A giant newt (D:2)
  A jackal skeleton (D:3)
  11 rats
97 creatures vanquished.

Notes
Turn   | Place    | Note
--------------------------------------------------------------
     0 | D:1      | Fluffy, the Hill Orc Fighter, began the quest for the Orb.
     0 | D:1      | Reached XP level 1. HP: 19/19 MP: 1/1
   279 | D:1      | Reached XP level 2. HP: 26/26 MP: 2/2
   445 | D:1      | Reached skill level 4 in Axes
  1000 | D:2      | Reached XP level 3. HP: 31/31 MP: 3/3
  1051 | D:2      | Reached skill level 5 in Axes
  1599 | D:3      | Reached XP level 4. HP: 39/39 MP: 4/4
  1682 | D:3      | Found an opulent altar of Gozag.
  1682 | D:3      | Noticed a centaur
  1695 | D:3      | Killed a centaur
  1695 | D:3      | Reached skill level 7 in Axes
  1695 | D:3      | Reached XP level 5. HP: 27/45 MP: 5/5
  1948 | D:3      | Found a shadowy altar of Dithmenos.
  2242 | D:4      | Found an iron altar of Okawaru.
  2338 | D:4      | Reached skill level 8 in Axes
  2338 | D:4      | Reached XP level 6. HP: 43/51 MP: 6/6
  2988 | D:4      | Reached skill level 9 in Axes
  3276 | D:4      | Reached XP level 7. HP: 43/57 MP: 7/7
  3430 | D:5      | Entered Level 5 of the Dungeon
  3526 | D:5      | Reached skill level 10 in Axes
  4083 | D:5      | Reached skill level 11 in Axes
  4353 | D:6      | Killed from afar by an orc priest

Action                   |  1- 3 |  4- 6 |  7- 9 || total
-------------------------+-------+-------+-------++-------
Melee: War axe           |   117 |   216 |   101 ||   434
  Eat: Chunk             |     2 |     6 |     3 ||    11
